 BcadrenCrawl: Boulder Brew version 0.04.2-20-g1dbc4a6302 (webtiles) character file.

Game seed: 15676414082384939364, levelgen mode: deterministic

15763 st0uf the Grappler (level 12, -10/100 HPs) Red Draconian Demonspawn. Began on May 24, 2021. Was a Believer of Bahamut & Tiamat. Mangled by a jiangshi (20 damage) ... summoned by a mummy priest ... on level 1 of the Lair of Beasts. The game lasted 00:30:36 (5581 turns).

st0uf the Grappler (Red Draconian Demonspawn)       Turns: 5581, Time: 00:30:37

Health: -10/100    AC: 12    Str: 20    XL:     12 ^: 15514
Magic:  23/23      EV: 15    Int: 12    God:    Bahamut & Tiamat [2* [68]]
Gold:   338        SH:  0    Dex: 15    Spells: 22/26 levels left

rFire    + . .     Vision   .   E - +4 staff of Iptal {wizard, tMut; rElec}
rCold    . . .     Gourm    .     - Unarmed
rNeg     . . .     Faith    .   (armour unavailable)
rPois    .         Spirit   .   (helmet restricted)
rElec    +         Reflect  .   (no cloak)
rCorr    .         Harm     .   (no gloves)
MR       .....                  f - +0 pair of boots
Stlth    +++.......             m - amulet of regeneration (curse) {(Curse: Int-3)}
HPRegen  0.83/turn              i - ring of dexterity
MPRegen  0.33/turn              (no ring)

@: short of breath, hasted, studying Polearms, very quick
A: no body armour, unfitting armour, claws 2, iridescent scales 1, nightstalker
1, spiny 2, cold-blooded, boosted long blades aptitude, boosted shields
aptitude, fire enhancer 1, rF+, AC +9
a: Breathe Fire, Choose Bahamut's Refined Breath, Choose Tiamat's Adaptive
Breath, Renounce Religion


You were on level 1 of the Lair of Beasts.
You worshipped Bahamut & Tiamat.
Bahamut & Tiamat was pleased with you.
You were not hungry.

You visited 3 branches of the dungeon, and saw 7 of its levels.

You collected 338 gold pieces.

Inventory:

Armour
 f - a +0 pair of boots (worn)
Magical Staves
 D - a +3 chaotic staff of fire
 E - the +4 staff of Iptal (weapon) {wizard, tMut; rElec}
   (You found it on level 5 of the Dungeon)

   [staff of transmutation]

   Base accuracy: +5 Base damage: 5 Base attack delay: 1.2 This weapon's minimum
   attack delay (0.6) is reached at skill level 12.
   This staff decreases the difficulty of casting the spells it enhances.
   It falls into the 'Staves' category.
   It is one handed.
   Its enchantment grants additive spellpower to the spells it enhances.
 F - a +5 chaotic staff of life
 J - the +6 staff of Havoc {reaver, fire; +Blink rF+ MR+ Str-5 Int+3}
   (You found it on level 1 of the Lair of Beasts)

   [staff of fire]

   Base accuracy: +5 Base damage: 5 Base attack delay: 1.2 This weapon's minimum
   attack delay (0.6) is reached at skill level 12.
   Increases the wielders strength by five.
   Additionally they will find that their armour encumbers the spellcasting of
   spells enhanced by this staff less than other spells.
   It falls into the 'Staves' category.
   It is one handed.
   Its enchantment grants additive spellpower to the spells it enhances.
Jewellery
 g - an uncursed amulet of magic regeneration
 i - a ring of dexterity (left claw)
 m - a cursed amulet of regeneration (around neck) {(Curse: Int-3)}
 q - an uncursed ring of magical power
 y - a cursed ring of protection {(Curse: *Drain)}
 z - a cursed ring of stealth {(Curse: rF-)}
 A - an uncursed ring of positive energy
 C - an uncursed ring of ice
 G - an uncursed ring of strength
Wands
 n - a wand of polymorph (17)
 w - a wand of random effects (12)
 H - a wand of iceblast (4)
 K - a wand of scattershot (3)
 L - a wand of enslavement (8)
Scrolls
 c - 2 scrolls of acquirement
 d - 2 scrolls of teleportation
 e - 5 scrolls of fog
 l - a scroll of immolation
 p - a scroll of bless item
 r - 2 scrolls of magic mapping
 s - 2 scrolls of fear
 t - 2 scrolls of enchantment
Potions
 a - 2 potions of curing
 h - 3 potions of cancellation
 j - a potion of ambrosia
 k - a potion of might
 o - 2 potions of agility
 u - 2 potions of cure mutation
 v - a potion of magic
 x - 4 potions of heal wounds
 B - a potion of haste
 I - a potion of brilliance
Comestibles
 b - 12 rations


   Skills:
 + Level 7.3 Fighting
 * Level 5.4 Dodging
 - Level 2.0 Stealth
 - Level 12.3 Unarmed Combat
 * Level 7.9 Spellcasting
 * Level 1.9 Transmutations
 * Level 3.1 Fire Magic
 * Level 7.3 Invocations


You had 22 spell levels left.
You knew the following spells:

 Your Spells              Type           Power        Failure   Level  Hunger
a - Flame Tongue          Fire           12 (30)      4%          1    None
b - Ignite Poison         Fire/Tmut      28 (100)     6%          3    ##.....

Your spell library contained the following spells:

 Spells                   Type           Power        Failure   Level  Hunger
 Beastly Appendage        Tmut           26 (50)      2%          1    None
 Sticks to Snakes         Tmut           26 (100)     4%          2    #......
 Conjure Flame            Fire           12 (100)     12%         3    ##.....
 Scorpion Form            Tmut/Pois      22 (200)     12%         3    ##.....
 Snakes to Sticks         Hex/Tmut       22 (100)     12%         3    ##.....
 Pain                     Hex/Necr       4 (25)       16%         1    None
 Poisonous Vapours        Pois/Air       4 (50)       16%         1    None
 Summon Butterflies       Summ           4 (100)      16%         1    None
 Blink                    Tloc           N/A          22%         2    #......
 Call Imp                 Summ           4 (100)      22%         2    #......
 Ensorcelled Hibernation  Hex/Ice        4 (50)       22%         2    #......
 Slow                     Hex            4 (100)      22%         2    #......
 Sting                    Pois           4 (25)       22%         2    #......
 Swiftness                Chrm/Air       4 (100)      22%         2    #......
 Throw Frost              Ice            4 (50)       22%         2    #......
 Ice Form                 Ice/Tmut       22 (100)     36%         4    ####...
 Petrify                  Tmut/Erth      22 (100)     36%         4    ####...
 Apportation              Tloc           4 (50)       41%         3    ##.....
 Mephitic Cloud           Pois/Air       4 (100)      41%         3    ##.....
 Pryten's Skeletal Upris  Chrm/Necr      4 (200)      41%         3    ##.....
 Regeneration             Chrm/Necr      4 (200)      41%         3    ##.....
 Tukima's Dance           Hex            4 (100)      41%         3    ##.....
 Vampiric Draining        Necr           4 (200)      41%         3    ##.....
 Blade Hands              Tmut           26 (200)     56%         5    ######.
 Irradiate                Tmut/Pois      22 (200)     69%         5    ######.
 Fireball                 Fire           12 (200)     75%         5    ######.
 Animate Dead             Necr           N/A          83%         4    ####...
 Hailstorm                Ice            4 (100)      83%         4    ####...
 Muse Oam's Air Blast     Tloc/Air       4 (100)      83%         4    ####...
 Olgreb's Toxic Radiance  Pois           4 (100)      83%         4    ####...
 Still Winds              Hex/Air        4 (200)      83%         4    ####...
 Silence                  Hex/Air        4 (200)      99%         5    ######.
 Bolt of Fire             Fire           12 (200)     99%         6    #######
 Starburst                Fire           12 (200)     99%         6    #######
 Deflect Missiles         Chrm/Air       4 (200)      100%        6    #######
 Freezing Cloud           Ice/Air        4 (200)      100%        6    #######
 Invisibility             Chrm           4 (100)      100%        6    #######
 Ring of Flames           Chrm/Fire      8 (200)      100%        6    #######
 Ignition                 Fire           12 (200)     100%        8    #######


Dungeon Overview and Level Annotations

Branches:
Dungeon (5/8)              Temple (1/1) D:4            Lair (1/6) D:5

Altars:
Bahamut & Tiamat
Dithmenos
Hepliaklqana
Nemelex Xobeh
Sif Muna

Shops:
D:3 *   D:5 }


Innate Abilities, Weirdness & Mutations

You cannot fit into any form of body armour.
Your fiery red scales are resilient. (AC +9)
You can breathe puffs of flames, which leave flaming clouds in their wake.
You have very sharp fingernails. (+4 Unarmed)
You are partially covered in iridescent scales. (AC +2)
You are slightly more attuned to the shadows.
You are mostly covered in sharp spines.
You are cold-blooded and may be slowed by cold attacks.
You are naturally skilled at Long Blades (Aptitude +3).
You are naturally skilled at Shields (Aptitude +3).
You are in touch with the powers of fire.
Your fiery red scales grant you resistance to heat and fire. (rF+)


Message History

The jiangshi blinks!
The mummy blinks!
The hungry ghost blinks!
The hellwing blinks!
You blink.
The jiangshi claws you (3).
* * * LOW HITPOINT WARNING * * *
The jiangshi draws strength from your injuries (3).
The jiangshi claws you (8)!
* * * LOW HITPOINT WARNING * * *
The jiangshi draws strength from your injuries (2).
The phantasmal warrior hits you but does no damage.
The wolf spider hits you (12)!
* * * LOW HITPOINT WARNING * * *
The wolf spider is struck by your spines (7)!
The wolf spider misses you (0).
The redback is struck by your spines (6).
You kill the redback!
Bahamut & Tiamat accept your kill.
Unknown command.
Press: ? - help, v - describe, . - travel
Here: a mummy priest, wielding a cursed +0 trident of freezing {(Curse: Fragile)}, wearing a +0 buckler and wearing a cursed amulet of faith {(Curse: Fragile)} (translocational energy, undamaged (75/75))
You feel better. The jiangshi claws you (20)!!
You die...

#######..#.....#.
#.##...#......###
##s.....#.....##
#8§8......#####
##§#.....###.#
#§#.....†#.##
###M###.....##
##8§M§8##....#
#8§@Ws48#..###
##8sV§8###.#
####### ###


You could see a mummy priest, a jiangshi, a wolf spider, a phantasmal warrior, a
redback and a mummy.

Vanquished Creatures
  A catoblepas (Lair:1)
  A two-headed ogre (D:5)
  A rock worm (D:5)
  5 deep elf magi (D:5)
  4 orc sorcerers (D:5)
  2 molten gargoyles (D:3)
  6 naga magi (D:5)
  3 spiny frogs (Lair:1)
  2 komodo dragons
  2 wraiths (D:3)
  A vampire (D:5)
  Grinder (D:3)
  7 flying skulls (D:3)
  2 guardian mummies (D:3)
  A redback (Lair:1)
  Purgy (D:2)
  2 phantoms (D:3)
  Duvessa (D:2)
  4 scorpions
  An orc warrior (D:4)
  A black bear (D:3)
  2 water moccasins
  An ice beast (D:4)
  2 sky beasts (D:4)
  2 porcupines (Lair:1)
  An eye of draining (D:5)
  2 ogres
  2 crocodiles (Lair:1)
  2 big kobolds (D:2)
  7 bullfrogs
  Dowan (D:2)
  A centaur (D:5)
  2 howler monkeys (D:4)
  3 electric eels (Lair:1)
  A lava snake (D:3)
  4 hounds (D:4)
  6 jellies
  13 orc wizards
  5 mummies (D:3)
  An iguana (D:4)
  A wyvern zombie (D:4)
  8 worker ants
  7 giant cockroaches
  4 bullfrog skeletons
  3 bullfrog zombies
  A shadow imp (D:4)
  7 adders
  7 sewer rats (D:2)
  2 white imps (D:4)
  13 cinder newts
  2 worms
  2 worker ant zombies (D:3)
  8 oozes
  A dart slug (D:1)
  A leopard gecko (D:2)
  34 orcs
  A cinder newt skeleton (D:2)
  A gnoll skeleton (D:2)
  2 goblins (D:1)
  3 hobgoblins (D:1)
  4 jackals (D:3)
  3 quokkas
  3 ball pythons
  A ball python skeleton (D:3)
  A ball python zombie (D:3)
  5 bats
  A bat skeleton (D:2)
  A jackal skeleton (D:2)
  14 kobolds
  A quokka zombie (D:3)
  3 rats (D:1)
  A rat skeleton (D:2)
  A plant (D:5)
  4 withered plants (D:2)
258 creatures vanquished.

Vanquished Creatures (others)
  A jelly (D:2)
  5 kobolds (D:2)
  A quokka skeleton (D:2)
  26 plants
  207 withered plants (D:2)
240 creatures vanquished.

Grand Total: 498 creatures vanquished

Notes
Turn   | Place    | Note
-------+----------+-------------------------------------------
     0 | D:1      | st0uf the Immature Draconian Demonspawn began the quest for
                  | the Orb.
     0 | D:1      | Reached XP level 1. HP: 16/16 MP: 3/3
   170 | D:1      | Reached skill level 2 in Unarmed Combat
   170 | D:1      | Gained mutation: You are partially covered in sharp spines.
                  | [demonic ancestry]
   170 | D:1      | Reached XP level 2. HP: 24/24 MP: 4/4
   242 | D:1      | Gained mutation: You have sharp fingernails. (+2 Unarmed)
                  | [demonic ancestry]
   242 | D:1      | Reached XP level 3. HP: 29/29 MP: 5/5
   303 | D:1      | Identified a scroll of acquirement
   531 | D:1      | Gained mutation: You are partially covered in iridescent
                  | scales. (AC +2) [demonic ancestry]
   531 | D:1      | Reached XP level 4. HP: 36/36 MP: 7/7
   792 | D:2      | Noticed a water moccasin
   805 | D:2      | Killed a water moccasin
   805 | D:2      | Gained mutation: You have very sharp fingernails. (+4
                  | Unarmed) [demonic ancestry]
   805 | D:2      | Reached XP level 5. HP: 35/44 MP: 8/8
   914 | D:2      | Reached skill level 3 in Unarmed Combat
  1017 | D:2      | Reached XP level 6. HP: 51/51 MP: 10/10
  1051 | D:2      | Noticed Duvessa
  1052 | D:2      | Noticed Dowan
  1058 | D:2      | Killed Duvessa
  1076 | D:2      | Killed Dowan
  1234 | D:2      | Reached skill level 4 in Unarmed Combat
  1379 | D:2      | Your scales start taking on a fiery red colour.
  1379 | D:2      | Reached XP level 7. HP: 58/58 MP: 12/12
  1379 | D:2      | Gained mutation: You are slightly more attuned to the
                  | shadows. [demonic ancestry]
  1379 | D:2      | Gained mutation: Your fiery red scales grant you resistance
                  | to heat and fire. (rF+) [Red Draconian growth]
  1379 | D:2      | Gained mutation: You are in touch with the powers of fire.
                  | [Red Draconian growth]
  1472 | D:2      | Noticed Purgy
  1476 | D:2      | Killed Purgy
  1651 | D:2      | Reached skill level 5 in Unarmed Combat
  2137 | D:3      | Found Posisott's Assorted Antiques.
  2219 | D:3      | Gained mutation: You are mostly covered in sharp spines.
                  | [demonic ancestry]
  2219 | D:3      | Reached XP level 8. HP: 67/67 MP: 14/14
  2630 | D:3      | Reached skill level 6 in Unarmed Combat
  2755 | D:3      | Noticed Grinder
  2757 | D:3      | Noticed a wraith
  2760 | D:3      | Killed Grinder
  2760 | D:3      | Reached skill level 5 in Fighting
  2768 | D:3      | Killed a wraith
  2768 | D:3      | Reached skill level 5 in Spellcasting
  2776 | D:3      | Noticed a molten gargoyle
  2788 | D:3      | Reached skill level 7 in Unarmed Combat
  2791 | D:3      | Reached XP level 9. HP: 66/74 MP: 16/16
  2804 | D:3      | Killed a molten gargoyle
  2815 | D:3      | Reached skill level 8 in Unarmed Combat
  2835 | D:3      | Noticed a molten gargoyle
  2841 | D:3      | Killed a molten gargoyle
  2847 | D:3      | Reached skill level 9 in Unarmed Combat
  3006 | D:3      | Gained mutation: You are naturally skilled at Long Blades
                  | (Aptitude +3). [draconic bloodline]
  3006 | D:3      | Reached XP level 10. HP: 49/84 MP: 19/19
  3536 | D:4      | Found a staircase to the Ecumenical Temple.
  3540 | D:4      | Reached skill level 10 in Unarmed Combat
  3550 | Temple   | Entered the Ecumenical Temple
  3563 | Temple   | Became a worshipper of Bahamut & Tiamat
  3907 | D:5      | Entered Level 5 of the Dungeon
  3907 | D:5      | Noticed a two-headed ogre
  3909 | D:5      | Killed a two-headed ogre
  3983 | D:5      | Reached * piety under Bahamut & Tiamat
  4006 | D:5      | Found a staircase to the Lair.
  4203 | D:5      | Noticed a naga mage
  4208 | D:5      | Killed a naga mage
  4226 | D:5      | Reached XP level 11. HP: 92/92 MP: 21/21
  4266 | D:5      | Reached skill level 11 in Unarmed Combat
  4281 | D:5      | Found a shimmering blue altar of Sif Muna.
  4291 | D:5      | Reached skill level 5 in Invocations
  4354 | D:5      | Identified the +4 staff of Iptal {wizard, tMut; rElec}
  4396 | D:5      | Reached skill level 5 in Dodging
  4464 | D:5      | Identified the Guide on Changing
  4488 | D:5      | Learned a level 3 spell: Ignite Poison
  4562 | D:5      | Reached ** piety under Bahamut & Tiamat
  4672 | D:5      | Reached skill level 1 in Transmutations
  4715 | D:5      | Identified Orphux's Disquisition on the Snowflakes and
                  | Flight
  4818 | D:5      | Found Sifoja's Gadget Shoppe.
  4875 | D:5      | Reached skill level 12 in Unarmed Combat
  5066 | Lair:1   | Entered Level 1 of the Lair of Beasts
  5143 | Lair:1   | Noticed a catoblepas
  5150 | Lair:1   | Killed a catoblepas
  5430 | Lair:1   | Identified the +6 staff of Havoc {reaver, fire; +Blink rF+
                  | MR+ Str-5 Int+3}
  5472 | Lair:1   | Gained mutation: You are naturally skilled at Shields
                  | (Aptitude +3). [draconic bloodline]
  5472 | Lair:1   | Reached XP level 12. HP: 93/100 MP: 23/23
  5573 | Lair:1   | Noticed a mummy priest
  5573 | Lair:1   | Identified the cursed ring "Jempadiph" {EV+5 Str+6, (Curse:
                  | Fragile)}
  5573 | Lair:1   | Noticed a mummy priest
  5579 | Lair:1   | Noticed a jiangshi
  5580 | Lair:1   | HP: 2/100 [wolf spider (12)]
  5581 | Lair:1   | Mangled by a jiangshi

Levels and vault maps discovered:
D:1:      dpeg_arrival_simpleton_b, layout_basic
D:2:      layout_sewer, first_ration, uniq_purgy, uniq_duvessa
D:3:      ossuary_bcadren_due_volcanic, layout_loops_ring, serial_shops, shop,
          uniq_grinder
D:4:      layout_cave_pools, minmay_temple_entry_statues,
          hangedman_little_slice_of_home
D:5:      evilmike_library_of_no_secrets, layout_long_grid, david_lair_shrubbed,
          serial_shops, nicolae_shop_behind_doors
Temple:   regret_index_temple_sphere_string
Lair:1:   layout_cave_shapes, chequers_ossuary_entry_cave, serial_bayou_shore_a

Skill      XL: |  1  2  3  4  5  6  7  8  9 10 11 12 |
---------------+-------------------------------------+-----
Unarmed Combat | 2 3 4 5 7 9 10 12 | 12.3
Fighting       | 2 3 4 5 6 7 |  7.3
Spellcasting   | 2 3 4 5 6 7 |  7.9
Dodging        | 3 4 5 |  5.4
Stealth        | 2 |  2.0
Fire Magic     | 2 3 |  3.1
Invocations    | 4 7 |  7.3
Transmutations | 1 |  1.9

Action                   |  1- 3 |  4- 6 |  7- 9 | 10-12 || total
-------------------------+-------+-------+-------+-------++-------
Melee: Unarmed           |    60 |   142 |   221 |   275 ||   698
       Tailslap          |     3 |     8 |     9 |    21 ||    41
       Staff             |       |       |       |    12 ||    12
Invok: Choose Tiamat's R |       |       |       |     1 ||     1
 Abil: Breathe Fire      |       |       |     1 |     1 ||     2
  Use: Potion            |       |       |     1 |     2 ||     3
 Stab: Sleeping          |     3 |     1 |     8 |    13 ||    25
       Distracted        |       |       |     2 |     1 ||     3
  Eat: Chunk             |       |     2 |     5 |     9 ||    16
Armor: Skin              |    12 |    15 |    24 |    33 ||    84
Dodge: Dodged            |    22 |    24 |    48 |    56 ||   150
